 Dungeon Sprint DCSS version 0.28.0-53-g5a82cb258f (webtiles) character file.

Game seed: 458862611651706709

1217 Zeld the Cleaver (level 8, -7/129 HPs)
             Began as a Minotaur Berserker on June 4, 2022.
             Was a High Priest of Trog.
             Mangled by Snorg (20 damage)
             ... in the Dungeon (Sprint III: "The Ten Rune Challenge").
             The game lasted 00:00:43 (1247 turns).

Zeld the Cleaver (Minotaur Berserker)               Turns: 1247, Time: 00:00:43

Health: -7/129     AC:  2    Str: 23    XL:     8   Next: 22%
Magic:  7/7        EV: 15    Int:  4    God:    Trog [*****.]
Gold:   36         SH:  0    Dex: 11    Spells: 7/7 levels left

rFire   . . .      SeeInvis .   a - +0 hand axe
rCold   . . .      Faith    .   (no shield)
rNeg    . . .      Spirit   .   b - +0 animal skin
rPois   .          Reflect  .   (helmet restricted)
rElec   .          Harm     .   (no cloak)
rCorr   .          Rampage  .   (no gloves)
Will    .....      NoTele   +   (no boots)
Stlth   ..........              (no amulet)
HPRegen 0.31/turn               (no ring)
MPRegen 0.10/turn               (no ring)

@: berserking (expiring), very quick
A: horns 2, retaliatory headbutt
a: Renounce Religion, Berserk, Trog's Hand, Brothers in Arms


You were in the Dungeon.
You worshipped Trog.
Trog was extremely pleased with you.
You visited 1 branch You collected 36 gold pieces.

Inventory:

Hand Weapons
 a - a +0 hand axe (weapon)
Armour
 b - a +0 animal skin (worn)
Wands
 o - a wand of flame (16)
Scrolls
 h - a scroll of blinking
 j - a scroll of immolation {unknown}
 k - 3 scrolls of identify
 m - a scroll of holy word {unknown}
Potions
 c - a potion of curing
 d - a potion of heal wounds
 e - 2 potions of haste
 f - 2 potions of magic
 g - 2 potions of berserk rage
 i - 3 potions of mutation {unknown}
 l - 2 potions of lignification {unknown}
 n - 2 potions of flight
Miscellaneous
 p - a condenser vane


   Skills:
 * Level 13.0 Fighting
 * Level 13.0 Axes
 + Level 9.4 Armour
 + Level 8.4 Dodging


You had 7 spell levels left.
You didn't know any spells.
Your spell library was empty.

Dungeon Overview and Level Annotations

Branches:
Dungeon (1/1)

Altars:
Cheibriados
Dithmenos
Elyvilon
Fedhas
Gozag
Hepliaklqana
Kikubaaqudgha
Makhleb
Nemelex Xobeh
Okawaru
Qazlal
Ru
Sif Muna
Trog
Uskayaw
Vehumet
Wu Jian
Xom
Yredelemnul
Zin
The Shining One
Beogh
Jiyva
Lugonu

Annotations:
D Snorg


Innate Abilities, Weirdness & Mutations

You have a pair of horns on your head.
You reflexively headbutt those who attack you in melee.


Message History

There is a burning altar of Makhleb here.
There is a stormy altar of Qazlal here.
There is a blossoming altar of Fedhas here.
There is an open door here.
You open the door.
There is an open door here.
Snorg the Insatiable comes into view.
Snorg shouts!
A red film seems to cover your vision as you go berserk!
You feel yourself moving faster!
You feel mighty!
You slash Snorg! You headbutt Snorg!
Snorg is moderately wounded.
You barely miss Snorg. You headbutt Snorg!
Snorg is heavily wounded.
You barely miss Snorg.
Snorg is heavily wounded.
Snorg goes berserk!
You closely miss Snorg.
Snorg is heavily wounded.
Snorg bites you!! Snorg claws you! Snorg closely misses you.
You hit Snorg.
Snorg is heavily wounded.
You slash Snorg! You headbutt Snorg!!
Snorg is severely wounded.
Snorg bites you! Snorg closely misses you. Snorg barely misses you.
You completely miss Snorg. Your headbutt misses Snorg.
Snorg is severely wounded.
Unknown command.
You completely miss Snorg. You headbutt Snorg!
Snorg is almost dead.
Snorg bites you!! Snorg claws you! Snorg barely misses you.
You barely miss Snorg. Your punch misses Snorg.
Snorg is severely wounded.
Unknown command.
You hit Snorg.
Snorg is almost dead.
Snorg bites you!!
* * * LOW HITPOINT WARNING * * *
Snorg claws you!!
You die...

♣.############
♣.#___#___#__#
♣.#.).#__.#._#
♣♣.###'#'###)##
.♣.#..........#
.♣.'.⌠........#
♣..#...######'#
...#.⌠.#__#...#+#####
...#...#__#...#.@≈≈≈+
...#)###__#...#.#T§§#
...#.:.#__#...'.#§§§#
...#___#__'...#.#§..#
▓▓▓▓▓▓▓▓▓▓▓▓▓▓▓▓▓▓▓▓▓


You could see Snorg (berserk).

Vanquished Creatures
  A deep elf pyromancer (D)
  A shadow (D)
  A spatial vortex (D)
  A necrophage (D)
  A water elemental (D)
  A jelly (D)
  A necromancer (D)
  A wizard (D)
  A kobold demonologist (D)
  3 humans (D)
  A phantom (D)
  An endoplasm (D)
  3 rats (D)
17 creatures vanquished.

Notes
Turn   | Place    | Note
-------+----------+-------------------------------------------
     0 | D        | Zeld the Minotaur Berserker began the quest for the Orb.
     0 | D        | Reached XP level 1. HP: 19/19 MP: 0/0
   142 | D        | Reached ** piety under Trog
   313 | D        | Reached skill level 5 in Fighting
   313 | D        | Reached skill level 5 in Axes
   313 | D        | Reached XP level 2. HP: 29/29 MP: 1/1
   395 | D        | Noticed a water elemental
   402 | D        | Killed a water elemental
   403 | D        | Reached XP level 3. HP: 38/38 MP: 2/2
   403 | D        | Reached XP level 4. HP: 45/45 MP: 3/3
   503 | D        | Found a radiant altar of Vehumet.
   503 | D        | Found a shimmering blue altar of Sif Muna.
   503 | D        | Found an ancient bone altar of Kikubaaqudgha.
   503 | D        | Noticed a wizard
   506 | D        | Killed a wizard
   506 | D        | Reached *** piety under Trog
   507 | D        | Reached skill level 5 in Armour
   638 | D        | Found a glowing silver altar of Zin.
   638 | D        | Found a glowing golden altar of the Shining One.
   638 | D        | Found a white marble altar of Elyvilon.
   639 | D        | Noticed a deep elf pyromancer
   646 | D        | Noticed a fire elemental
   651 | D        | Noticed a fire elemental
   651 | D        | Noticed a fire elemental
   651 | D        | Killed a deep elf pyromancer
   651 | D        | Reached **** piety under Trog
   652 | D        | Reached XP level 5. HP: 42/60 MP: 4/4
   652 | D        | Reached XP level 6. HP: 48/68 MP: 5/5
   652 | D        | Reached XP level 7. HP: 52/74 MP: 6/6
   817 | D        | Found a hide-covered altar of Uskayaw.
   817 | D        | Found an iron altar of Okawaru.
   817 | D        | Found a bloodstained altar of Trog.
   817 | D        | Found an ornate altar of the Wu Jian Council.
   817 | D        | Noticed a human
   818 | D        | Noticed a human
   821 | D        | Killed a human
   823 | D        | Killed a human
   911 | D        | Found a basalt altar of Yredelemnul.
   911 | D        | Found a shadowy altar of Dithmenos.
   911 | D        | Found a sacrificial altar of Ru.
   920 | D        | Reached ***** piety under Trog
  1048 | D        | Noticed a shadow
  1055 | D        | Killed a shadow
  1056 | D        | Reached XP level 8. HP: 63/85 MP: 7/7
  1084 | D        | Found a blossoming altar of Fedhas.
  1084 | D        | Found a stormy altar of Qazlal.
  1084 | D        | Found a snail-covered altar of Cheibriados.
  1084 | D        | Found a burning altar of Makhleb.
  1084 | D        | Found a shimmering altar of Xom.
  1107 | D        | Found a hazy altar of Hepliaklqana.
  1107 | D        | Found an opulent altar of Gozag.
  1107 | D        | Found a sparkling altar of Nemelex Xobeh.
  1107 | D        | Found a corrupted altar of Lugonu.
  1107 | D        | Found a viscous altar of Jiyva.
  1236 | D        | Noticed Snorg
  1247 | D        | Mangled by Snorg

Illustrated notes

Levels and vault maps discovered:
D:        dungeon_sprint_mu [sprint_mu_entry_forest, sprint_mu_temple_rooms,
          sprint_mu_d1_horrors, sprint_mu_d2_genie, sprint_mu_d3_branching,
          sprint_mu_orc_legion, sprint_mu_elf_gauntlet, sprint_mu_hive_nellie,
          sprint_mu_lair_fedhas, sprint_mu_vaults_butterflies,
          sprint_mu_slime_circle, sprint_mu_swamp_cave, sprint_mu_snake_twists,
          sprint_mu_blade_basic, sprint_mu_crypt_chambers,
          sprint_mu_tomb_spiral, sprint_mu_vestibule_basic,
          sprint_mu_gehenna_hellfire, sprint_mu_dis_giant,
          sprint_mu_tartarus_statrot, sprint_mu_cocytus_islands, sprint_mu_zot1]

Skill      XL: |  1  2  3  4  5  6  7  8 |
---------------+-------------------------+-----
Fighting       | 5 6 11 12 13 | 13.0
Axes           | 5 6 11 12 13 | 13.0
Armour         | 3 4 7 9 |  9.4
Dodging        | 3 4 7 8 |  8.4

Action                   |  1- 3 |  4- 6 |  7- 9 || total
-------------------------+-------+-------+-------++-------
Melee: Hand axe          |    27 |    16 |    37 ||    80
       Headbutt          |     7 |     1 |     8 ||    16
Invok: Berserk           |     2 |     1 |     3 ||     6
Armor: Animal skin       |     2 |     1 |       ||     3
Dodge: Dodged            |     9 |     4 |    10 ||    23
